 Dungeon Crawl Stone Soup version 0.27.1-1-g398f81649c (webtiles) character file.

Game seed: 5836960305630497272

2 ZARRMARR the Conjurer (level 1, -3/11 HPs)
             Began as an Octopode Conjurer on Sept 13, 2021.
             Slain by a quokka (5 damage)
             ... on level 1 of the Dungeon.
             The game lasted 00:00:26 (34 turns).

ZARRMARR the Conjurer (Octopode Conjurer)             Turns: 34, Time: 00:00:26

Health: -3/11      AC:  1    Str:  6    XL:     1   Next: 30%
Magic:  0/3        EV: 13    Int: 20    God:
Gold:   5          SH:  0    Dex: 10    Spells: 3/4 levels left

rFire    . . .     SeeInvis .   (no weapon)
rCold    . . .     Faith    .   (no shield)
rNeg     . . .     Spirit   .   (helmet restricted)
rPois    .         Reflect  .   (no amulet)
rElec    .         Harm     .   (no ring)
rCorr    .         Rampage  .   (no ring)
Will     .....                  (no ring)
Stlth    +++.......             (no ring)
HPRegen  0.03/turn              (no ring)
MPRegen  0.08/turn              (no ring)
                                (no ring)
                                (no ring)

@: no status effects
A: almost no armour, amphibious, 8 rings, camouflage 1, gelatinous body 1,
(nimble swimmer 1), tentacles
a: no special abilities


You were on level 1 of the Dungeon.
You visited 1 branch of the dungeon, and saw 1 of its levels.

You collected 5 gold pieces.

You aren't carrying anything.


   Skills:
 + Level 0.6 Short Blades
 - Level 2.0 Dodging
 - Level 2.6 Stealth
 - Level 2.0 Spellcasting
 - Level 4.0 Conjurations


You had 3 spell levels left.
You knew the following spells:

 Your Spells              Type           Power      Damage    Failure   Level
a - Magic Dart            Conj           72%        1d6       3%          1

Your spell library contained the following spells:

 Spells                   Type           Power      Damage    Failure   Level
 Searing Ray              Conj           36%        3d4       4%          2
 Dazzling Flash           Conj/Hex       20%        N/A       21%         3
 Fulminant Prism          Conj/Hex       5%         3d7       56%         4
 Iskenderun's Mystic Bla  Conj/Tloc      10%        2d4       56%         4


Dungeon Overview and Level Annotations

Branches:
Dungeon (1/15)

Altars:


Innate Abilities, Weirdness & Mutations

You cannot wear most types of armour.
You are amphibious.
You can wear up to eight rings at the same time.
Your skin changes colour to match your surroundings (Stealth+).
Your rubbery body absorbs attacks. (AC +1, EV +1)
((You are camouflaged near water. (Stealth+)))
You have tentacles for arms and can constrict up to eight enemies at once.


Message History

The magic dart hits the frilled lizard.
You kill the frilled lizard!
Magic restored.
You see here a +0 mace.
You now have 5 gold pieces.
A kobold comes into view. It is wielding a +0 dagger.
The magic dart hits the kobold but does no damage.
The kobold shouts!
The magic dart hits the kobold but does no damage.
You miscast Magic Dart.
You are very lightly contaminated with residual magic.
Nothing appears to happen.
You are too depleted to draw on your mana recklessly!
The kobold hits you with a +0 dagger.
You tentacle-slap the kobold but do no damage.
You grab the kobold. You constrict the kobold.
The kobold hits you with a +0 dagger.
You are too injured to fight recklessly!
You are too injured to fight recklessly!
You tentacle-slap the kobold but do no damage.
The kobold is moderately wounded.
You constrict the kobold. The kobold hits you with a +0 dagger.
* * * LOW HITPOINT WARNING * * *
You tentacle-slap the kobold but do no damage.
The kobold is heavily wounded.
You constrict the kobold.
You kill the kobold!
An endoplasm comes into view.
A quokka comes into view.
Your magical contamination has completely faded away.
Things that are here:
a +0 dagger; 4 stones; a kobold corpse You see here a book of Flames.
You are too injured to fight recklessly!
Unknown command.
You are too injured to fight recklessly!
You tentacle-slap the quokka but do no damage.
Your grab misses the quokka.
The quokka bites you but does no damage.
The quokka bites you.
You die...

...P≈≈...≈≈P....†..
...≈≈≈≈.≈≈≈≈...#.
.#.≈≈≈≈.≈≈≈≈.).#
...≈≈≈≈^≈≈≈≈...#
...≈≈≈≈.≈≈≈≈...#
.#.≈≈≈≈.≈≈≈≈...#
#.≈≈≈≈.≈≈≈≈...# #
.≈≈≈≈.≈≈≈≈...###....
≈≈≈≈.≈≈≈≈.)@.......
≈≈P.P≈≈P.r####....
......... ..
#####.#### ... ...#
.... ...J


You could see a quokka.

Vanquished Creatures
  A kobold (D:1)
  A frilled lizard (D:1)
2 creatures vanquished.

Notes
Turn   | Place    | Note
-------+----------+-------------------------------------------
     0 | D:1      | ZARRMARR the Octopode Conjurer began the quest for the Orb.
     0 | D:1      | Reached XP level 1. HP: 11/11 MP: 3/3
    34 | D:1      | Slain by a quokka

Illustrated notes

Levels and vault maps discovered:
D:1:      giann_bridges, layout_basic, minmay_door_square

Action                   || total
-------------------------++-------
Melee: Unarmed           ||     4
       Constrict         ||     1
 Cast: Magic Dart        ||     3
Armor: Skin              ||     1
